[Event "*** Titled Tuesday Blitz"]
[Site "Chess.com"]
[Date "2021.03.02"]
[Round "7"]
[White "JQuiroga18"]
[Black "lelya96"]
[Result "1-0"]
[WhiteElo "2429"]
[BlackElo "2261"]
[TimeControl "180+1"]
[EndTime "11:18:33 PST"]
[Termination "JQuiroga18 won by resignation"]

1. e4 e5 2. Nf3 Nc6 3. Bc4 Nf6 4. d3 Be7 5. O-O O-O 6. c3 d6 7.
Nbd2 h6 8. Re1 Nh7 9. Nf1 Ng5 10.
Nxg5 Bxg5 11. Qh5 Bxc1 12. Raxc1 Be6 13. Bb3 Bxb3 14. axb3 Qg5 15. Qxg5 hxg5 16. Ne3 Ne7 17. d4 f6 18. f3 g6 19. Red1 Kg7 20. c4 exd4 21. Rxd4 Nc6 22. Rd2 Rf7 23. Rcd1 Re8 24. Nd5 Na5 25. Rd3 g4 26. Rc1 gxf3 27. gxf3 Nc6 28.
b4 Ne5 29. Ra3 c6 30. Nf4 g5 31. Nh5+ Kg6 32. Ng3 Rd7 33. Kf2 d5 34. exd5 cxd5 35. c5 Nc4 36. Rxa7 Nxb2 37. Rc2 Nd3+ 38. Kf1 Nxb4 39. Rb2 Re1+ 40. Kxe1 Nd3+ 41. Kf1 Nxb2 42. c6 Rd6 43. Rxb7 Nd3 44. c7 Rc6 45. Ne2 Ne5 46. Nd4 Rc4 47. Ke2 Rc3 48. Ne6 Nxf3 49. Rb3 Rxc7 50.
Rxf3 Re7 51. Re3 Kf5 52. Nd4+ 1-0

[Event "*** Titled Tuesday Blitz"]
[Site "Chess.com"]
[Date "2021.03.02"]
[Round "7"]
[White "gisela_roque"]
[Black "HrvojeZagreb"]
[Result "0-1"]
[WhiteElo "1755"]
[BlackElo "2264"]
[TimeControl "180+1"]
[EndTime "11:18:33 PST"]
[Termination "HrvojeZagreb won by resignation"]

1. c4 f5 2. Nf3 Nf6 3. Nc3 d6 4. g3 e5 5. d3 Be7 6. Bg2 O-O 7. O-O Qe8 8. Rb1 a5 9. a3 Qh5 10. b4 f4 11. Ne4 Nxe4 12. dxe4 axb4 13. axb4 Bh3 14.
Qb3 Nc6 15. c5+ Kh8 16. cxd6 cxd6 17. b5 Bxg2 18. Kxg2 Nd4 19. Nxd4 exd4 20. Bxf4 Qxe2 21. Rbd1 Qxe4+ 22. f3 Qg6 23. Rxd4 h6 24. Qd3 Ra2+ 25. Rf2 Rxf2+ 26. Kxf2 Qh5 27. Kg2 Ra8 28. Qe3 Ra2+ 29. Rd2 Rxd2+ 30. Qxd2 Qxb5 31. Bxd6 Bxd6 32. Qxd6 Qe2+ 33.
Kh3 Qxf3 34. Qc5 Kh7 35. Qc2+ Kh8 36. Qc8+ Kh7 37. Qc2+ Kg8 38. Qc8+ Kf7 39. Qc7+ Kg6 40. Qc2+ Qf5+ 41. Qxf5+ Kxf5 0-1

[Event "*** Titled Tuesday Blitz"]
[Site "Chess.com"]
[Date "2021.03.02"]
[Round "7"]
[White "Klavdia_Nik"]
[Black "Ze-Pequeno"]
[Result "0-1"]
[WhiteElo "2060"]
[BlackElo "2218"]
[TimeControl "180+1"]
[EndTime "11:18:33 PST"]
[Termination "Ze-Pequeno won on time"]

1. Nf3 Nf6 2. c4 g6 3. b3 Bg7 4. Bb2 O-O 5. g3 b6 6. Bg2 Bb7 7. O-O c5 8. d4 cxd4 9. Qxd4 d6 10. Qd1 Nbd7 11. Nc3 Ne4 12. Rc1 Nxc3 13. Bxc3 Bxc3 14. Rxc3 Rc8 15. Qd4 Qc7 16. e4 a6 17. Rfc1 Rfd8 18.
Qe3 Qc5 19. Nd4 Nf6 20. Qd3 Qa5 21. Qe2 Rc7 22. R3c2 Rdc8 23. h3 Qe5 24. Rd1 Bxe4 25. f4 Qc5 26. Bxe4 Nxe4 27. Qxe4 e5 28. Kg2 exd4 29.
Qxd4 Qa3 30. Qxd6 Qxd6 31. Rxd6 b5 32. Rxa6 bxc4 33. bxc4 Rxc4 34. Rxc4 Rxc4 35. a4 h5 36. h4 Kg7 37. a5 Ra4 38. Ra8 Ra2+ 39. Kf3 Ra3+ 40.
Kg2 Ra2+ 41. Kf3 Ra3+ 42. Kg2 Kf6 43. Kh3 Ra1 44. Ra6+ Kg7 45. Ra7 Rh1+ 0-1

[Event "*** Titled Tuesday Blitz"]
[Site "Chess.com"]
[Date "2021.03.02"]
[Round "7"]
[White "AryanTari"]
[Black "NateSolon"]
[Result "1-0"]
[WhiteElo "2888"]
[BlackElo "2592"]
[TimeControl "180+1"]
[EndTime "11:18:34 PST"]
[Termination "AryanTari won on time"]

1. c4 e6 2. Nc3 d5 3. d4 Nf6 4.
Nf3 c6 5. g3 dxc4 6. Bg2 Nbd7 7. O-O b5 8. b3 b4 9. Na4 c3 10.
Ne1 Bb7 11. Nd3 a5 12. a3 Be7 13. e4 O-O 14. Be3 Qc7 15. Bf4 Qc8 16. Qc2 c5 17. dxc5 Bxe4 18. Bxe4 Nxe4 19. axb4 axb4 20. Nxb4 Nexc5 21. Nxc3 Qb7 22. Nca2 Rfc8 23. Rad1 Nf6 24. Qb2 Nce4 25.
Nd3 Nd5 26. Be5 f6 27. Bd4 Ng5 28. f3 e5 29. h4 Ne6 30. Bf2 Rab8 31. Ndc1 Nb4 32.
Nc3 Bf8 33. Kg2 Qc6 34. N1e2 Ra8 35. Qd2 Rcb8 36. Qe3 h6 37. h5 Bc5 38. Qe4 1-0

[Event "*** Titled Tuesday Blitz"]
[Site "Chess.com"]
[Date "2021.03.02"]
[Round "7"]
[White "shrek4life02"]
[Black "Genghis_K"]
[Result "1-0"]
[WhiteElo "2765"]
[BlackElo "2921"]
[TimeControl "180+1"]
[EndTime "11:18:35 PST"]
[Termination "shrek4life02 won on time"]

1. d4 Nf6 2. Bf4 c5 3. e3 Qb6 4. Nc3 a6 5. Bd3 cxd4 6. exd4 Qxb2 7. Nge2 d5 8. Rb1 Qa3 9. O-O Nc6 10. Bc7 e6 11. Re1 Qe7 12. Bb6 Qd7 13. Na4 Bd6 14. Nc5 Qe7 15. Ng3 Nxd4 16. Nxb7 Qxb7 17. Bxd4 Qc7 18. Nf5 O-O 19. Nxg7 e5 20. Bb6 Qe7 21. Nf5 Bxf5 22. Bxf5 Kh8 23. Re3 Rg8 24. Rg3 e4 25.
Rxg8+ Rxg8 26. Bd4 Be5 27. h3 Rg5 28. g4 Rg8 29.
Rb7 Qxb7 30. Bxe5 Qe7 31. Qd4 Kg7 32. g5 Kf8 33. Bxf6 Qd6 34. Kf1 h6 35. h4 hxg5 36. hxg5 Ke8 37. Qa4+ Kf8 38. Qb3 Ke8 39. Qb7 Qc5 40.
Qb8+ 1-0

[Event "*** Titled Tuesday Blitz"]
[Site "Chess.com"]
[Date "2021.03.02"]
[Round "7"]
[White "krzyzan94"]
[Black "BogdanDeac"]
[Result "0-1"]
[WhiteElo "2717"]
[BlackElo "2978"]
[TimeControl "180+1"]
[EndTime "11:18:37 PST"]
[Termination "BogdanDeac won by resignation"]

1. d4 Nf6 2. Nf3 d5 3. Bf4 c5 4. e3 Nc6 5. Nbd2 Qb6 6. dxc5 Qxb2 7. Rb1 Qc3 8. Bb5 g6 9. O-O Bg7 10. Ne5 Bd7 11. Nxd7 Nxd7 12. Nb3 a6 13. Ba4 Qc4 14. Bxc6 bxc6 15. Qd3 Qa4 16. Bc7 O-O 17. Rfd1 Rfc8 18. Bg3 a5 19. e4 Nf6 20. e5 Ne4 21. Re1 e6 22. f3 Nxg3 23. hxg3 Rab8 24. Nd4 Bf8 25.
Qc3 Rb4 26. Nb3 Rcb8 27. Rbd1 Rc4 28. Qxa5 Qxa5 29. Nxa5 Rxc2 30. Nxc6 Rbb2 31. Nd4 Rxg2+ 32. Kh1 Rh2+ 33. Kg1 Bxc5 34. Re3 Rbg2+ 35. Kf1 Rxa2 36. Kg1 Rhd2 37. Rd3 Rxd1+ 38. Rxd1 Ra4 39. Kg2 Bxd4 40. f4 g5 0-1

[Event "*** Titled Tuesday Blitz"]
[Site "Chess.com"]
[Date "2021.03.02"]
[Round "7"]
[White "sara_khm"]
[Black "googlegoom"]
[Result "1-0"]
[WhiteElo "2613"]
[BlackElo "2470"]
[TimeControl "180+1"]
[EndTime "11:18:37 PST"]
[Termination "sara_khm won by resignation"]

1. d4 d5 2. Nf3 Nf6 3. g3 e6 4. Bg2 b6 5. O-O Bb7 6. b3 Be7 7. Bb2 O-O 8. c4 Nbd7 9. cxd5 Nxd5 10. Nbd2 c5 11. Rc1 Rc8 12. a3 Rc7 13. dxc5 Rxc5 14.
e4 N5f6 15. e5 Nd5 16. b4 Rxc1 17. Qxc1 Qa8 18. Re1 Rc8 19. Qb1 h6 20. Ne4 a5 21.
b5 Nc5 22. Nfd2 Nxe4 23. Bxe4 Nc3 24. Bxc3 Rxc3 25. a4 Rc8 26. Bxb7 Qxb7 27. Nb3 Qd5 28. Qd1 Qc4 29. Qd7 Rc7 30. Qe8+ Bf8 31. Rc1 Qxb3 32.
Rxc7 Qd1+ 33. Kg2 Qd5+ 34. Kh3 Qf3 35. Rc8 Qf5+ 36. Kg2 Qe4+ 37. Kf1 Qb1+ 38. Ke2 Qb2+ 39. Kf3 Qb4 40. Qd8 g5 41. Rc7 Kh7 42. Rxf7+ 1-0

[Event "*** Titled Tuesday Blitz"]
[Site "Chess.com"]
[Date "2021.03.02"]
[Round "7"]
[White "SlavenPastar"]
[Black "TeukkaSalama"]
[Result "0-1"]
[WhiteElo "2562"]
[BlackElo "2389"]
[TimeControl "180+1"]
[EndTime "11:18:37 PST"]
[Termination "TeukkaSalama won on time"]

1. b3 e5 2. Bb2 d6 3. Nf3 Nf6 4.
d4 exd4 5. Nxd4 Be7 6. c4 O-O 7. Nd2 a5 8. e3 a4 9. Be2 a3 10. Bc3 c5 11. Nb5 d5 12. O-O Nc6 13. Nf3 Bg4 14.
Rc1 Re8 15. Bxf6 Bxf6 16. Qxd5 Nb4 17. Qxc5 Bxf3 18. Rfd1 Qa5 19. Bxf3 Nxa2 20. Ra1 Bxa1 21. Rxa1 Qd2 22. Qd4 Qb2 23. h4 Nb4 24. Nc7 Nc2 25. Qxb2 axb2 26. Rf1 Rec8 27. Nxa8 Rxa8 28. Be4 Nb4 29.
Rb1 Ra1 30. g4 Na2 31. Bc2 Nc3 0-1

[Event "*** Titled Tuesday Blitz"]
[Site "Chess.com"]
[Date "2021.03.02"]
[Round "7"]
[White "BanjoKazooieN64"]
[Black "oogee"]
[Result "0-1"]
[WhiteElo "2522"]
[BlackElo "2383"]
[TimeControl "180+1"]
[EndTime "11:18:37 PST"]
[Termination "oogee won on time"]

1. e4 c5 2. d4 cxd4 3. c3 d3 4. Nf3 g6 5. Qxd3 Bg7 6. h4 h5 7. Bg5 Nc6 8. Nbd2 Qa5 9. Nc4 Qa6 10. Qd5 b5 11. Na3 Bxc3+ 12. bxc3 Qxa3 13. Qd2 b4 14. cxb4 Qxb4 15. Bd3 Nh6 16. O-O Ng4 17. Rab1 Qxd2 18.
Bxd2 O-O 19. Bb5 Nce5 20. Nxe5 Nxe5 21. Rfc1 a5 22. Rc7 Ba6 23. f4 Ng4 24. Rxd7 Rfd8 25. Bxa5 Rdb8 26. Rd5 Bb7 27. Bc7 Bxd5 28. Bxb8 Bxe4 29.
Rb4 Rxb8 30. Rxe4 Rxb5 31. g3 Rb1+ 32. Kg2 Rb2+ 33. Kg1 Rxa2 34. Rxe7 Kg7 35. Rc7 Kf6 36. Rc5 Ne3 37. Rc3 Rg2+ 38. Kh1 Rxg3 39. Rc6+ Kf5 40.
Rc7 f6 41. Rc6 Kg4 42. Rxf6 Kxh4 0-1

[Event "*** Titled Tuesday Blitz"]
[Site "Chess.com"]
[Date "2021.03.02"]
[Round "7"]
[White "Chernov_Alexander_A"]
[Black "MerryPoppies"]
[Result "1-0"]
[WhiteElo "2286"]
[BlackElo "2140"]
[TimeControl "180+1"]
[EndTime "11:18:37 PST"]
[Termination "Chernov_Alexander_A won by resignation"]

1. e4 e5 2. f4 d5 3. exd5 e4 4. d3 Qxd5 5. Nd2 Nf6 6. dxe4 Nxe4 7. Bc4 Qd4 8. Qe2 f5 9. Ngf3 Qd6 10. Nxe4 fxe4 11.
Qxe4+ Be7 12. O-O Nc6 13. Be3 Qg6 14. Qxg6+ hxg6 15. Rfe1 Bg4 16. Ng5 Bxg5 17. fxg5 O-O-O 18. h3 Bf5 19. c3 a6 20. Rad1 Rxd1 21. Rxd1 Re8 22.
Bf2 Rd8 23. Rxd8+ Kxd8 24. g4 Bb1 25. a4 Ne5 26. Be2 Kd7 27. Bd4 Kd6 28. Bxe5+ Kxe5 29. Kf2 Bc2 30. a5 Bb3 31. Ke3 Bd5 32. Bf3 c6 33. h4 Bf7 34. h5 gxh5 35. gxh5 Kf5 36. g6 Be8 37. Kd4 Ke6 38. Kc5 Bd7 39. Kb6 Kd6 40. Kxb7 Bf5 1-0

[Event "*** Titled Tuesday Blitz"]
[Site "Chess.com"]
[Date "2021.03.02"]
[Round "7"]
[White "Kislov_Oleg"]
[Black "Manukyan_Artak"]
[Result "1-0"]
[WhiteElo "2494"]
[BlackElo "2332"]
[TimeControl "180+1"]
[EndTime "11:18:38 PST"]
[Termination "Kislov_Oleg won by resignation"]

1. e4 c6 2. d4 d5 3. Nc3 dxe4 4. Nxe4 Nf6 5. Nxf6+ exf6 6. c3 Bd6 7. Bd3 O-O 8. Qc2 h5 9. Ne2 Qc7 10. Be3 Re8 11. O-O-O Nd7 12. Kb1 Nf8 13. Ng3 g6 14. Ne4 Be7 15. h3 Bf5 16. g4 Bxe4 17. Bxe4 h4 18.
Bg2 c5 19. Bd5 Rad8 20. c4 b5 21. dxc5 bxc4 22. Qxc4 Kg7 23. Bxf7 Rxd1+ 24. Rxd1 Rc8 25. Be6 Rd8 26. Rxd8 Qxd8 27. Bd5 Nd7 28. f4 Qc7 29. b4 a5 30. c6 Nb6 31. Bxb6 Qxb6 32. c7 Qg1+ 33.
Kc2 Qf2+ 34. Kb3 Qe3+ 35. Qc3 a4+ 36. Kb2 Qf2+ 37. Ka3 Bxb4+ 38. Qxb4 Qe3+ 39. Kxa4 Qa7+ 40. Qa5 Qd4+ 41. Kb3 Qd3+ 42. Kb2 Qd2+ 43. Qxd2 1-0

[Event "*** Titled Tuesday Blitz"]
[Site "Chess.com"]
[Date "2021.03.02"]
[Round "7"]
[White "FairChess_on_YouTube"]
[Black "Hikaru"]
[Result "1/2-1/2"]
[WhiteElo "2960"]
[BlackElo "3241"]
[TimeControl "180+1"]
[EndTime "11:18:39 PST"]
[Termination "Game drawn by agreement"]

1. d4 f5 2. Nf3 Nf6 3. Bg5 c6 4. Nbd2 d5 5. e3 Be6 6. Bd3 Nbd7 7. O-O g6 8. c4 Bg7 9. cxd5 Bxd5 10. Bc4 Nb6 11.
Bxd5 Qxd5 12. a4 a5 13. Qb3 Qxb3 14. Nxb3 Nfd7 15. Bf4 Nd5 16. Rfc1 Nxf4 17. exf4 e6 18. Re1 Bf6 19. Rxe6+ Kf7 20. Rae1 Rhd8 21. Ng5+ Kg8 22. Rd6 Bxg5 23. fxg5 Nb6 24. Rxd8+ Rxd8 25. Nxa5 Nxa4 26. Nxb7 Rxd4 27. g3 Nxb2 28. Re8+ Kg7 29. Re7+ Kg8 30. Re8+ Kg7 31. Nd8 Rd1+ 32. Kg2 Nd3 33. Nxc6 Rd2 34. Rd8 Rxf2+ 35. Kg1 Rc2 36. Rd7+ Kh8 37. Nd4 Rc8 38. Ne6 Ne5 39. Re7 Nc6 40. Rd7 Ne5 41. Re7 Nc6 42.
Rd7 Re8 43. Nc7 Re1+ 44. Kf2 Re7 1/2-1/2

[Event "*** Titled Tuesday Blitz"]
[Site "Chess.com"]
[Date "2021.03.02"]
[Round "7"]
[White "TigrVShlyape"]
[Black "1977Ivan"]
[Result "0-1"]
[WhiteElo "2891"]
[BlackElo "2780"]
[TimeControl "180+1"]
[EndTime "11:18:39 PST"]
[Termination "1977Ivan won by resignation"]

1. e4 c5 2. Nf3 e6 3. Qe2 Nc6 4. g3 g6 5. Bg2 Bg7 6. O-O Nge7 7.
c3 O-O 8. d3 d6 9. a3 b5 10. Rd1 e5 11. a4 b4 12. Nbd2 h6 13. Nc4 Be6 14. h4 Rb8 15. h5 g5 16. Ne3 Qd7 17. Nd2 f5 18. exf5 Nxf5 19. Nxf5 Bxf5 20. Nc4 Bg4 21. Bxc6 Bxe2 22. Bxd7 Bxd1 23. Nxd6 Bxh5 24. Be3 bxc3 25. bxc3 Rfd8 26. Be6+ Kh7 27. Ne4 Rxd3 28. Bc4 Rdd8 29. Nxc5 Bf3 30. Be6 Rd6 31. Bf5+ Kh8 32. g4 Rdb6 33. Kh2 e4 34. Nxe4 Be5+ 35. Ng3 Rb2 36. Rc1 Ra2 37. Bxa7 Rbb2 38. Kh3 Rxf2 39.
Bxf2 Rxf2 40. Be4 Bxe4 41. Re1 Bg2+ 42. Kh2 Bc6+ 43. Kh3 Bf4 44. Re6 Bg2+ 0-1

[Event "*** Titled Tuesday Blitz"]
[Site "Chess.com"]
[Date "2021.03.02"]
[Round "7"]
[White "CheckThis4"]
[Black "ulkaf961"]
[Result "1-0"]
[WhiteElo "2628"]
[BlackElo "2397"]
[TimeControl "180+1"]
[EndTime "11:18:39 PST"]
[Termination "CheckThis4 won on time"]

1. d4 d5 2. Nf3 e6 3. c4 a6 4. Nc3 dxc4 5. e4 b5 6. a4 b4 7. Ne2 Nc6 8. Ng3 Na5 9. Be2 Bb7 10. O-O Nf6 11. Bg5 Be7 12. Qc2 O-O 13. Rad1 Nd7 14. Bxe7 Qxe7 15. Bxc4 Nxc4 16. Qxc4 Nb6 17.
Qc2 a5 18. b3 Ba6 19. Rfe1 Nd7 20. Qxc7 Rfc8 21. Qf4 Rc3 22. Re3 Rac8 23. d5 e5 24. Qg4 Rxe3 25. fxe3 Rc3 26. Nf5 Qf6 27. Nxg7 Qxg7 28. Qxd7 Be2 29. Qe8+ Qf8 30. Qxf8+ Kxf8 31. Rd2 Bd3 32. Nxe5 Bxe4 33. d6 Bf5 34. d7 Bxd7 35.
Rxd7 Rxe3 36. Nxf7 Rxb3 37. Ng5 Rb1+ 38. Kf2 b3 39.
Nxh7+ Ke8 40. Nf6+ Kf8 41. Rb7 b2 42. h4 1-0

[Event "*** Titled Tuesday Blitz"]
[Site "Chess.com"]
[Date "2021.03.02"]
[Round "7"]
[White "svilson23"]
[Black "kekic76"]
[Result "1-0"]
[WhiteElo "2250"]
[BlackElo "2350"]
[TimeControl "180+1"]
[EndTime "11:18:39 PST"]
[Termination "svilson23 won by resignation"]

1. e4 c5 2. Nf3 e6 3. c3 d5 4. exd5 Qxd5 5. d4 Nc6 6. dxc5 Qxd1+ 7. Kxd1 Bxc5 8. Be3 Bxe3 9. fxe3 Nf6 10. Bb5 Bd7 11. Ke2 a6 12. Bxc6 Bxc6 13. Nbd2 Rd8 14. Rad1 Ke7 15. c4 h6 16. Rhg1 b6 17. Nd4 Bb7 18.
N2f3 Ne4 19. g3 f6 20. Nb3 g5 21.
Nfd2 h5 22. Nxe4 Bxe4 23. Rd4 Rxd4 24. exd4 h4 25. Ke3 f5 26. g4 Kf6 27. Nd2 Bc6 28.
gxf5 exf5 29. d5 f4+ 30. Kd4 Kf5 31. Ne4 g4 32. Nd6+ Kg5 33. dxc6 Rh7 34. Ne4+ Kf5 35.
Rxg4 Kxg4 36. Nf6+ Kh3 37. Nxh7 f3 38. c7 f2 39.
c8=Q+ Kxh2 40. Qf5 1-0

[Event "*** Titled Tuesday Blitz"]
[Site "Chess.com"]
[Date "2021.03.02"]
[Round "7"]
[White "kikydu96"]
[Black "Witik"]
[Result "0-1"]
[WhiteElo "2569"]
[BlackElo "2719"]
[TimeControl "180+1"]
[EndTime "11:18:41 PST"]
[Termination "Witik won by resignation"]

1. e4 c5 2. Nf3 Nc6 3. c3 e6 4. d4 d5 5. exd5 exd5 6. Bb5 Nf6 7. O-O Bd6 8. Re1+ Be6 9. dxc5 Bxc5 10. Nbd2 O-O 11. Nb3 Bd6 12. Nbd4 Bd7 13. Bd3 Bg4 14. h3 Bh5 15. Bg5 h6 16. Bh4 Nxd4 17. cxd4 g5 18. Bg3 Bxg3 19. fxg3 Qd6 20. g4 Bg6 21. Bxg6 fxg6 22.
Qb3 Rac8 23. Ne5 Rc7 24. Nxg6 Rfc8 25. Rad1 Kg7 26. Ne5 Ne4 27. Rf1 Rf8 28. Rxf8 Qxf8 29. Rf1 Qxf1+ 30. Kxf1 Nd2+ 31. Ke2 Nxb3 32. axb3 Rc2+ 33.
Kd3 Rxb2 34. Kc3 Rxg2 35. Nd7 Rg3+ 36. Kb4 Rxh3 37. Nc5 b6 38. Ne6+ Kf6 39. Nc7 Rg3 40. Nxd5+ Kf7 41. Nc7 Rxg4 42. Kc4 h5 43. Kd5 h4 44. Nb5 h3 45. Nd6+ Kg6 46. Nc4 h2 47.
Ne5+ Kf5 0-1

[Event "*** Titled Tuesday Blitz"]
[Site "Chess.com"]
[Date "2021.03.02"]
[Round "7"]
[White "enriquetejedor"]
[Black "Piacramling"]
[Result "0-1"]
[WhiteElo "2502"]
[BlackElo "2324"]
[TimeControl "180+1"]
[EndTime "11:18:41 PST"]
[Termination "Piacramling won on time"]

1. e4 c5 2. Nc3 Nc6 3. g3 g6 4.
Bg2 Bg7 5. d3 d6 6. Be3 e5 7. f4 Nge7 8. Nh3 O-O 9. O-O exf4 10.
Nxf4 Be6 11. Nxe6 fxe6 12. Bh3 Qd7 13. Qg4 Nd4 14. Bxd4 Bxd4+ 15. Kh1 Kg7 16. Qxe6 Qxe6 17. Bxe6 Nc6 18. Kg2 Ne5 19. Nd5 Rxf1 20. Rxf1 Re8 21. Bh3 Nc6 22. c3 Be5 23. Bd7 Rd8 24. Bxc6 bxc6 25.
Ne7 Rb8 26. Rf2 Rb6 27. h3 h5 28. g4 hxg4 29. hxg4 Ra6 30. a3 Rb6 31. Kf1 Rb3 32.
Nxc6 Bf6 33. Nxa7 Rb6 34. Nc8 Rc6 35. Na7 Rb6 0-1

[Event "*** Titled Tuesday Blitz"]
[Site "Chess.com"]
[Date "2021.03.02"]
[Round "7"]
[White "Rsnr"]
[Black "Anton_Demchenko"]
[Result "0-1"]
[WhiteElo "2778"]
[BlackElo "2919"]
[TimeControl "180+1"]
[EndTime "11:18:42 PST"]
[Termination "Anton_Demchenko won by checkmate"]

1. d4 Nf6 2. c4 g6 3. g3 Bg7 4. Bg2 O-O 5. Nc3 d6 6. Nf3 Nbd7 7. O-O e5 8. h3 exd4 9. Nxd4 Re8 10. e4 Nc5 11. Re1 a5 12. Qc2 a4 13. Be3 c6 14. Rad1 Qa5 15. Nde2 Nfd7 16. Rxd6 Ne5 17. b3 axb3 18. axb3 Bxh3 19. Bxh3 Nf3+ 20. Kf1 Nxe1 21. Kxe1 Nxe4 22. Rd3 Nxc3 23. Nxc3 Rad8 24. Rxd8 Rxd8 25. Bd2 Qa1+ 26. Ke2 Qh1 27. Bg4 h5 28. Bf3 Qa1 29. Ne4 Re8 30. Ke3 f5 31. Bc3 Bxc3 32. Kf4 fxe4 33. Bxe4 Bg7 34. f3 Qf6+ 35. Ke3 Qd4+ 36.
Kf4 Bh6# 0-1

[Event "*** Titled Tuesday Blitz"]
[Site "Chess.com"]
[Date "2021.03.02"]
[Round "7"]
[White "Kildepiotr"]
[Black "TheBigBoss04"]
[Result "0-1"]
[WhiteElo "2581"]
[BlackElo "2750"]
[TimeControl "180+1"]
[EndTime "11:18:42 PST"]
[Termination "TheBigBoss04 won by resignation"]

1. Nf3 g6 2. g3 Bg7 3. d4 d6 4.
Bg2 Nf6 5. O-O O-O 6. Nbd2 c5 7. dxc5 dxc5 8. e4 Nc6 9. c3 Qd3 10. Re1 Rd8 11. Bf1 Qd7 12. Qc2 b6 13. Nc4 Bb7 14.
e5 Ng4 15. Bg2 b5 16. e6 fxe6 17. Ne3 Nge5 18. Nxe5 Nxe5 19. Rd1 Qc7 20. Be4 Rxd1+ 21. Nxd1 Nf3+ 22. Bxf3 Bxf3 23. Bf4 e5 24. Bg5 Rd8 25. Ne3 Qd7 26. Re1 a6 27. a4 Kf7 28. axb5 axb5 29.
Qb3+ c4 30. Qb4 h6 31. Bxe7 Qxe7 32. Qxb5 Qe6 33. Nxc4 Kg8 34. Ne3 e4 35. Ra1 Kh7 36.
Qf1 Rd3 37. h3 Qb3 38. c4 Qxb2 39. Ra7 Be2 40. Qe1 Bf3 41. Kh2 Qc3 42. Qb1 Rxe3 43.
fxe3 Qd2+ 0-1

[Event "*** Titled Tuesday Blitz"]
[Site "Chess.com"]
[Date "2021.03.02"]
[Round "7"]
[White "Balla_Tamas"]
[Black "saikrishnaReturns"]
[Result "0-1"]
[WhiteElo "2512"]
[BlackElo "2658"]
[TimeControl "180+1"]
[EndTime "11:18:42 PST"]
[Termination "saikrishnaReturns won on time"]

1. e4 e5 2. Nf3 Nc6 3. d4 exd4 4. Nxd4 Nf6 5. Nxc6 bxc6 6. Nc3 d5 7. exd5 cxd5 8.
Bb5+ Bd7 9. O-O c6 10. Re1+ Be7 11.
Bd3 O-O 12. h3 h6 13. Bf4 Re8 14. Qf3 Qb6 15. b3 Bb4 16. Rxe8+ Rxe8 17. Na4 Qd8 18. Rd1 Ne4 19. c4 Qf6 20. Bxe4 dxe4 21. Qe3 Bc8 22. c5 Ba6 23. Rd4 Ba3 24. Rxe4 Rxe4 25. Qxe4 Bb5 26. Be5 Qe7 27. Qd4 Bxa4 28. Qxa4 Bxc5 29. Bg3 Qe1+ 30. Kh2 Bxf2 31. Bxf2 Qxf2 32. Qxc6 g6 33. a4 Qf4+ 34. Kh1 Qf1+ 35. Kh2 Qf4+ 36. Kh1 Qe3 37. Qc4 a5 0-1

[Event "*** Titled Tuesday Blitz"]
[Site "Chess.com"]
[Date "2021.03.02"]
[Round "7"]
[White "carloseduar100"]
[Black "VladaSviridova"]
[Result "0-1"]
[WhiteElo "2084"]
[BlackElo "2226"]
[TimeControl "180+1"]
[EndTime "11:18:42 PST"]
[Termination "VladaSviridova won by checkmate"]

1. e4 e6 2. d3 d5 3. Nd2 Nf6 4. Ngf3 c5 5. g3 g6 6. Bg2 Bg7 7. O-O O-O 8. Re1 Nc6 9. c3 a5 10. h4 a4 11. a3 b5 12. Re2 Bb7 13. Qe1 b4 14. e5 Nd7 15. d4 Ba6 16. Re3 bxc3 17. bxc3 Na5 18. Ng5 h6 19. Ngf3 Rb8 20. Nf1 Nc4 21. N1h2 Nxe3 22. Bxe3 cxd4 23. cxd4 Nb6 24.
Ng4 Kh7 25. Qc1 Rc8 26. Qd1 Nc4 27. Bc1 Qa5 28. h5 Qc3 29. hxg6+ fxg6 30. Nh4 Qxa1 31. Kh2 Nb2 32. Qd2 Qxc1 33. Qa5 Be2 34. Ne3 Nc4 35. Qa7 Nxe3 36. fxe3 Qxe3 37. Qe7 Bg4 38. Qd6 Rc2 39. Kh1 Qxg3 40. Qe7 Rxg2 41. Nxg2 Rf1# 0-1

[Event "*** Titled Tuesday Blitz"]
[Site "Chess.com"]
[Date "2021.03.02"]
[Round "7"]
[White "mikolka1985"]
[Black "JoakimVonAnd"]
[Result "1-0"]
[WhiteElo "2649"]
[BlackElo "2507"]
[TimeControl "180+1"]
[EndTime "11:18:43 PST"]
[Termination "mikolka1985 won on time"]

1. d4 Nf6 2. c4 c5 3. d5 b5 4. cxb5 a6 5. bxa6 g6 6. Nc3 Bg7 7. e4 d6 8. Bb5+ Bd7 9. Bxd7+ Nbxd7 10. Nf3 O-O 11. O-O Rxa6 12. Qc2 Qa8 13. a4 Rb8 14. Ra3 Nb6 15. Nb5 Rxa4 16. b3 Rxa3 17. Nxa3 Nbd7 18.
Nc4 Qb7 19. Na5 Qb5 20. Bd2 Ra8 21. Nc6 Kf8 22. Re1 Ra3 23. b4 Qa4 24. Qc1 Nxe4 25. Bh6 cxb4 26. Qf4 Ndf6 27. h4 Ra1 28. h5 Rxe1+ 29.
Nxe1 Qd1 30. Bxg7+ Kxg7 31. h6+ Kf8 32. Qe3 Qa1 33.
f3 Qc3 34. Qe2 Qc5+ 35. Kh2 Nc3 36. Qxe7+ Kg8 37. Qd8+ 1-0

[Event "*** Titled Tuesday Blitz"]
[Site "Chess.com"]
[Date "2021.03.02"]
[Round "7"]
[White "pirulillo"]
[Black "InitiatingASC"]
[Result "0-1"]
[WhiteElo "2257"]
[BlackElo "2449"]
[TimeControl "180+1"]
[EndTime "11:18:43 PST"]
[Termination "InitiatingASC won by resignation"]

1. e4 c5 2. Nf3 Nc6 3. Bb5 Nf6 4. e5 Nd5 5. Nc3 Nc7 6. Bxc6 dxc6 7. Ne4 b6 8. Qe2 Ne6 9. d3 Nd4 10. Nxd4 cxd4 11.
O-O Bb7 12. Bg5 Qd5 13. c4 Qxe5 14. Rae1 c5 15. Qf3 O-O-O 16. Qh3+ Kb8 17. Bh4 Qc7 18.
Bg3 e5 19. f4 f6 20. fxe5 fxe5 21. Qh5 Bxe4 22. Rxe4 Bd6 23. Rf7 g6 24. Qf3 Qc6 25. Qf6 Rhf8 26. Bxe5 Rxf7 27. Qxf7 Bxe5 28. Rxe5 Rd7 29.
Qe8+ Kc7 30. Re7 Rxe7 31. Qxe7+ Qd7 32. Qxd7+ Kxd7 33. Kf2 Ke6 34. Kf3 Kf5 35. g4+ Ke5 36. h4 h6 37. Kg3 a6 38. Kf3 g5 39. b3 gxh4 40. a3 a5 41. a4 Kf6 42. Kf4 Kg6 0-1

[Event "*** Titled Tuesday Blitz"]
[Site "Chess.com"]
[Date "2021.03.02"]
[Round "7"]
[White "bylavochka"]
[Black "HajiyevKanan"]
[Result "1-0"]
[WhiteElo "2214"]
[BlackElo "2423"]
[TimeControl "180+1"]
[EndTime "11:18:43 PST"]
[Termination "bylavochka won by checkmate"]

1. e4 c6 2. d4 d5 3. e5 a6 4. c4 Bf5 5. Nc3 e6 6. h4 h6 7. Nge2 dxc4 8. Ng3 Bd3 9. Bxd3 cxd3 10. Qxd3 Nd7 11. Qe2 Ne7 12. Be3 Nd5 13. Nge4 Be7 14. g3 Qa5 15. O-O O-O 16. Bd2 Qb6 17. Be3 a5 18. Rfd1 a4 19. a3 Kh8 20. Bc1 f5 21. exf6 N7xf6 22. Nxf6 Bxf6 23. Be3 Rf7 24. Ne4 Be7 25. Nc5 Bxc5 26. dxc5 Qc7 27. Bd4 e5 28.
Qxe5 Qxe5 29. Bxe5 Re8 30. Bd4 Re2 31. Re1 Rd2 32.
Rad1 Rxd1 33. Rxd1 Re7 34. Kf1 Kg8 35. Re1 Rd7 36.
Re8+ Kf7 37. Ra8 Nc7 38. Rxa4 Nb5 39. Be3 h5 40. Rf4+ Kg6 41. a4 Nc7 42. Rb4 Nd5 43.
Rb3 Rf7 44. Ke2 Kf5 45. Rd3 Re7 46. Rd4 g6 47. b4 Nc3+ 48. Kd3 Nxa4 49. Kc4 Re4 50.
Rxe4 Kxe4 51. Kb3 Nxc5+ 52. bxc5 Kd3 53. Kb4 Kc2 54. Ka5 g5 55. hxg5 Kd3 56. Kb6 Ke4 57. Kxb7 Kf5 58. Kxc6 Kg4 59. Kd5 Kf3 60. c6 h4 61.
gxh4 Kg4 62. g6 Kf5 63. g7 Kf6 64. g8=Q Ke7 65. Qg7+ Ke8 66. Qd7+ Kf8 67. Bh6+ Kg8 68. Qg7# 1-0

[Event "*** Titled Tuesday Blitz"]
[Site "Chess.com"]
[Date "2021.03.02"]
[Round "7"]
[White "Loy_Konstantin"]
[Black "SimplyDevina"]
[Result "1-0"]
[WhiteElo "2352"]
[BlackElo "2180"]
[TimeControl "180+1"]
[EndTime "11:18:43 PST"]
[Termination "Loy_Konstantin won on time"]

1. e4 d5 2. exd5 Qxd5 3. Nc3 Qd8 4. d4 Nf6 5. Bc4 a6 6. a4 Bf5 7. Nf3 e6 8. O-O Be7 9. Nh4 Bg6 10. Nxg6 hxg6 11.
Bf4 Bd6 12. Be5 Nc6 13. Bxd6 Qxd6 14. h3 Nxd4 15. Re1 O-O-O 16. Bd3 g5 17. Ne4 Nxe4 18. Bxe4 f5 19. c3 fxe4 20. cxd4 Qxd4 21. Qe2 Rd6 22.
Qxe4 Qxe4 23. Rxe4 Rhd8 24. Rae1 Rd2 25. b4 R8d6 26. Rxe6 Rxe6 27. Rxe6 Rd4 28. Re8+ Kd7 29. Rg8 Rxb4 30. Rxg7+ Kd6 31. Rxg5 Rxa4 32. g4 Ra1+ 33. Kg2 a5 34. h4 Ke6 35. h5 Kf6 36. Rg6+ Kf7 37.
Rg5 a4 38. h6 Rd1 39. Ra5 Kg6 40.
Rxa4 Kxh6 41. f4 b5 42. Ra6+ Kg7 43. Rc6 b4 44. Rxc7+ Kf6 45. Rb7 Rb1 46. Rb6+ Kg7 47. Kg3 b3 48. Kh4 b2 49. Kg5 Kf7 50. Rb7+ Ke6 51. f5+ Kd6 52. f6 Kc6 53. Rb3 Kd6 54. Kg6 Ke6 55. Rb6+ Kd7 56. f7 Ke7 57. Rb7+ Ke6 58.
f8=Q 1-0